 Dungeon Crawl Stone Soup version 0.29-a0-830-gcb1280458a (webtiles) character file.

Game seed: 14605703799003504172

67 PimpSugar the Magician (level 4, -2/32 HPs)
             Began as a Demonspawn Hedge Wizard on July 11, 2022.
             Was a Believer of Sif Muna.
             Slain by a goblin
             ... wielding a +0 long sword
              (6 damage)
             ... on level 2 of the Dungeon.
             The game lasted 00:08:34 (2854 turns).

PimpSugar the Magician (Demonspawn Hedge Wizard)    Turns: 2854, Time: 00:08:35

Health: -2/32      AC:  5    Str:  8 (10) XL:     4   Next: 0%
Magic:  2/8        EV: 11    Int: 18      God:    Sif Muna [**....]
Gold:   56         SH:  0    Dex: 12      Spells: 6/9 levels left

rFire   . . .      SeeInvis .   e - staff of cold
rCold   + . .      Faith    .   (no shield)
rNeg    . . .      Spirit   .   d - +1 leather armour
rPois   +          Reflect  .   c - +0 hat
rElec   .          Harm     .   (no cloak)
rCorr   .          Rampage  .   (no gloves)
Will    .....                   (no boots)
Stlth   ++........              (no amulet)
HPRegen 0.10/turn               o - ring of poison resistance
MPRegen 0.11/turn               (no ring)

@: very slightly contaminated
A: claws 2, rugged brown scales 1
a: Renounce Religion, Channel Magic


You were on level 2 of the Dungeon.
You worshipped Sif Muna.
Sif Muna was pleased with you.
You visited 1 branch of the dungeon, and saw 2 of its levels.

You collected 56 gold pieces.

Inventory:

Hand Weapons
 a - a +0 dagger
Missiles
 f - a throwing net
 h - 4 poisoned darts (quivered)
 i - 17 stones
Armour
 b - a +0 robe
 c - a +0 hat (worn)
 d - a +1 leather armour (worn)
 m - a +0 barding
Magical Staves
 e - a staff of cold (weapon)
 j - a staff of earth
Jewellery
 o - a ring of poison resistance (left claw)
Scrolls
 l - a scroll of magic mapping
 p - a scroll of blinking {unknown}
 q - a scroll of summoning {unknown}
Potions
 g - 2 potions of degeneration
 k - a potion of heal wounds {unknown}
 n - a potion of flight {unknown}


   Skills:
 + Level 1.0 Fighting
 + Level 0.7 Staves
 + Level 2.0 Dodging
 + Level 2.1 Stealth
 * Level 3.1 Spellcasting
 * Level 1.6 Conjurations
 + Level 1.2 Summonings
 + Level 1.0 Translocations
 + Level 0.3 Ice Magic
 + Level 0.0 Earth Magic
 + Level 0.8 Invocations
 + Level 0.8 Evocations


You had 6 spell levels left.
You knew the following spells:

 Your Spells              Type           Power      Damage    Failure   Level
a - Magic Dart            Conj           32%        1d4       12%         1
b - Call Imp              Summ           7%         N/A       22%         2

Your spell library contained the following spells:

 Spells                   Type           Power      Damage    Failure   Level
 Blink                    Tloc           12%        N/A       22%         2
 Slow                     Hex            8%         N/A       24%         1
 Conjure Flame            Conj/Fire      5%         6-21      45%         3
 Mephitic Cloud           Conj/Pois/Air  4%         N/A       50%         3


Dungeon Overview and Level Annotations

Branches:
Dungeon (2/15)

Altars:
Sif Muna
Wu Jian

Shops:
D:2 (


Innate Abilities, Weirdness & Mutations

You have very sharp fingernails.
You are partially covered in rugged brown scales. (AC +1, +3% HP)


Message History

The goblin is severely wounded.
The goblin hits you with a +0 long sword.
Casting: Magic Dart (safe; 12% risk of failure)
Confirm with . or Enter, or press ? or * to list all spells.
Aiming: Magic Dart (safe; 12% risk of failure)
Press: ? - help, Shift-Dir - straight line, f/p - goblin
Aim: a goblin, wielding a +0 long sword and wearing a +0 plate armour (severely wounded, 100% to hit)
The magic dart hits the goblin but does no damage.
The goblin is severely wounded.
The goblin misses you.
Casting: Magic Dart (safe; 12% risk of failure)
Confirm with . or Enter, or press ? or * to list all spells.
Aiming: Magic Dart (safe; 12% risk of failure)
Press: ? - help, Shift-Dir - straight line, f/p - goblin
Aim: a goblin, wielding a +0 long sword and wearing a +0 plate armour (severely wounded, 100% to hit)
The magic dart hits the goblin but does no damage.
The goblin is severely wounded.
The goblin barely misses you.
Casting: Magic Dart (safe; 12% risk of failure)
Confirm with . or Enter, or press ? or * to list all spells.
Aiming: Magic Dart (safe; 12% risk of failure)
Press: ? - help, Shift-Dir - straight line, f/p - goblin
Aim: a goblin, wielding a +0 long sword and wearing a +0 plate armour (severely wounded, 100% to hit)
The magic dart hits the goblin but does no damage.
The goblin is severely wounded.
The goblin barely misses you.
Casting: Magic Dart (safe; 12% risk of failure)
Confirm with . or Enter, or press ? or * to list all spells.
Aiming: Magic Dart (safe; 12% risk of failure)
Press: ? - help, Shift-Dir - straight line, f/p - goblin
Aim: a goblin, wielding a +0 long sword and wearing a +0 plate armour (severely wounded, 100% to hit)
You miscast Magic Dart.
Nothing appears to happen.
The goblin hits you with a +0 long sword.
* * * LOW HITPOINT WARNING * * *
You see here a +0 dagger.
Casting: Magic Dart (safe; 12% risk of failure)
Confirm with . or Enter, or press ? or * to list all spells.
You don't know that spell.
The goblin hits you with a +0 long sword.
You die...

....######..#...#.#.#######.#
._........#.##.#...## #####.#
....######..#.###.## ##...###
....# #.#.## #.# ##.†...##
##### #.#.# #.# #.....).#
#.#.# #.###...∩...## #.#.#
#.##.†.......####
#.#.####.##.#.....#.....
#.#....@g##.##...#######
####.######))..######
#....##...........#
##.#####.###.#.###.#
##...####.# #.#.# #.#
#.........###.#.# #[#
#....####.....#.# #.# #.#.##
#.#####.# #.# #.#.# #.# #.#
#.#


You could see a goblin.

Vanquished Creatures
  An adder (D:2)
  2 dart slugs (D:2)
  7 ball pythons
  4 bats
  2 giant cockroaches (D:1)
  2 goblins (D:2)
  7 hobgoblins
  4 kobolds
  A quokka (D:2)
  2 frilled lizards (D:1)
  6 rats
38 creatures vanquished.

Vanquished Creatures (collateral kills)
  An adder (D:2)
  A goblin (D:2)
  2 hobgoblins (D:2)
  A ball python (D:2)
  A rat (D:2)
6 creatures vanquished.

Grand Total: 44 creatures vanquished

Notes
Turn   | Place    | Note
-------+----------+-------------------------------------------
     0 | D:1      | PimpSugar the Demonspawn Hedge Wizard began the quest for
                  | the Orb.
     0 | D:1      | Reached XP level 1. HP: 13/13 MP: 4/4
    47 | D:1      | Found a faded altar of an unknown god.
    87 | D:1      | Prayed at the altar of an unknown god.
    87 | D:1      | Became a worshipper of Sif Muna the Loreminder
    87 | D:1      | Reached * piety under Sif Muna
   146 | D:1      | Reached skill level 1 in Translocations
   399 | D:1      | Gained mutation: You have sharp fingernails. [demonic
                  | ancestry]
   399 | D:1      | Reached XP level 2. HP: 20/20 MP: 3/6
   564 | D:1      | Learned a level 2 spell: Call Imp
  1184 | D:2      | Reached ** piety under Sif Muna
  1264 | D:2      | HP: 1/20 [goblin/+0 dagger (2)]
  1267 | D:2      | Gained mutation: You have very sharp fingernails. [demonic
                  | ancestry]
  1267 | D:2      | Reached XP level 3. HP: 1/25 MP: 4/7
  1662 | D:2      | Reached skill level 1 in Fighting
  2396 | D:2      | Found an ornate altar of the Wu Jian Council.
  2514 | D:2      | Found Soceno's Weapon Boutique.
  2523 | D:2      | Gained mutation: You are partially covered in rugged brown
                  | scales. (AC +1, +3% HP) [demonic ancestry]
  2523 | D:2      | Reached XP level 4. HP: 25/32 MP: 3/8
  2854 | D:2      | Slain by a goblin

Illustrated notes

Levels and vault maps discovered:
D:1:      minmay_arrival_five_plusses, layout_basic,
          ebering_ecumenical_altar_ruins, st_stairs_2
D:2:      layout_loops_ring, basic_altar, serial_shops,
          nicolae_shop_bloodbath_and_beyond

Skill      XL: |  1  2  3 |
---------------+----------+-----
Translocations | 1 |  1.0
Dodging        | 2 |  2.0
Stealth        | 2 |  2.1
Fighting       | 1 |  1.0
Staves         | |  0.7
Spellcasting   | |  3.1
Conjurations   | |  1.6
Summonings     | |  1.2
Ice Magic      | |  0.3
Invocations    | |  0.8
Evocations     | |  0.8

Action                   |  1- 3 |  4- 6 || total
-------------------------+-------+-------++-------
Melee: Staff             |    52 |     8 ||    60
       Punch             |     1 |       ||     1
Throw: Throwing net      |     1 |       ||     1
 Cast: Magic Dart        |    79 |     5 ||    84
       Call Imp          |     4 |       ||     4
  Use: Potion            |     2 |       ||     2
       Scroll            |     3 |       ||     3
Armor: Robe              |     8 |       ||     8
       Leather armour    |    17 |     1 ||    18
Dodge: Dodged            |    61 |     9 ||    70

Table legend: (Time is in decaauts)
 A = Elapsed time spent in this place.
 B = Non-inter-level travel time spent in this place.
 C = Inter-level travel time spent in this place.
 D = Time resting spent in this place.
 E = Time spent auto-exploring this place.
 F = Levels seen in this place.
 G = Mean time per level.
                   A        B        C        D        E       F      G
               +--------+--------+--------+--------+--------+-----+--------+
         Total |   2864 |   2755 |    109 |    847 |   1254 |   2 | 1432.0 |
       Dungeon |   2864 |   2755 |    109 |    847 |   1254 |   2 | 1432.0 |
               +--------+--------+--------+--------+--------+-----+--------+

Top non-repeatable levels by time:
     D:2: 1681 daAuts
     D:1: 1182 daAuts
